[ AOE2 MATCH · #506717206 ]
UnrankedMalians vs Aztecs
Player's team · WIN
Rival team · LOSS
[ REPLAY ANALYSIS · EXTRACTED FROM THE RECORDED GAME ]
Feudal
12:58
Castle
16:57
Imperial
39:05
| APM avg | 45.2 |
| APM peak | 95 |
| eAPM avg | 17.5 |
| Villagers / military | 105 / 218 |
Focus
⚔️ 44.3% · 🌾 55.7%
Militia ×155 · Gbeto ×53 · Bombard Cannon ×4 · Mangonel ×3 · Monk ×1 · Scorpion ×1
Feudal
11:58
Castle
21:53
Imperial
39:40
| APM avg | 34.1 |
| APM peak | 77 |
| eAPM avg | 20.8 |
| Villagers / military | 138 / 370 |
Focus
⚔️ 47.1% · 🌾 52.9%
Archer ×139 · Skirmisher ×102 · Eagle Scout ×86 · Jaguar Warrior ×34 · Militia ×5 · Trebuchet (Packed) ×2
Match map
Initial resources + every placement click. Lines = walls · curves = elevation contours. ◆ gold · ⬟ stone · ● berries · ✦ relic · ◌ wall gap
Your base· Open — unwalled flank
foundationstaff's base· Open — unwalled flank
Smoothed initial terrain · ◌ = detected wall gap · hover for details
Inputs per minute
— EIM | chucky 33 - - foundationstaff
Build order — EIM | chucky 33
First 150 of 495 actions detected
| 0:02 | Queue | Villager (Male) |
| 0:02 | Queue | Villager (Male) |
| 0:03 | Queue | Villager (Male) |
| 0:03 | Queue | Villager (Male) |
| 0:03 | Queue | Villager (Male) |
| 0:05 | Build | House |
| 0:06 | Build | House |
| 1:53 | Queue | Villager (Male) |
| 1:53 | Queue | Villager (Male) |
| 1:54 | Queue | Villager (Male) |
| 1:57 | Build | Lumber Camp |
| 2:12 | Queue | Villager (Male) |
| 2:58 | Queue | Villager (Male) |
| 3:38 | Queue | Villager (Male) |
| 3:39 | Queue | Villager (Male) |
| 3:39 | Queue | Villager (Male) |
| 3:44 | Build | Mill |
| 4:05 | Queue | Villager (Male) |
| 4:08 | Build | House |
| 4:30 | Queue | Villager (Male) |
| 4:41 | Build | Mill |
| 5:11 | Queue | Villager (Male) |
| 5:50 | Queue | Villager (Male) |
| 6:21 | Research | Loom |
| 6:24 | Build | House |
| 6:28 | Build | House |
| 6:34 | Queue | Villager (Male) |
| 6:34 | Queue | Villager (Male) |
| 7:04 | Queue | Villager (Male) |
| 7:35 | Queue | Villager (Male) |
| 7:50 | Build | House |
| 8:00 | Queue | Villager (Male) |
| 9:04 | Build | Palisade Gate |
| 9:07 | Build | Palisade Wall |
| 9:11 | Queue | Villager (Male) |
| 9:12 | Queue | Villager (Male) |
| 9:20 | Build | Palisade Wall |
| 9:22 | Build | Palisade Wall |
| 9:24 | Build | Palisade Wall |
| 9:26 | Build | Palisade Wall |
| 9:27 | Build | Palisade Wall |
| 9:47 | Queue | Villager (Male) |
| 9:51 | Build | Mill |
| 10:08 | Build | Mining Camp |
| 10:43 | Build | Palisade Wall |
| 10:48 | Research | Feudal Age |
| 11:07 | Build | Palisade Wall |
| 11:16 | Build | House |
| 11:19 | Build | House |
| 11:23 | Build | Palisade Gate |
| 12:08 | Build | House |
| 12:58 | Age | Feudal Age |
| 13:09 | Build | Blacksmith |
| 13:18 | Build | Market |
| 13:27 | Queue | Villager (Male) |
| 13:27 | Queue | Villager (Male) |
| 13:45 | Build | Palisade Wall |
| 14:02 | Research | Castle Age |
| 14:14 | Build | Palisade Wall |
| 14:23 | Build | House |
| 14:25 | Build | Palisade Wall |
| 15:04 | Build | Palisade Wall |
| 15:07 | Build | Palisade Wall |
| 15:53 | Build | Watch Tower |
| 15:56 | Build | House |
| 16:51 | Queue | Villager (Male) |
| 16:51 | Queue | Villager (Male) |
| 16:57 | Age | Castle Age |
| 17:12 | Build | Town Center |
| 18:31 | Build | Town Center |
| 18:35 | Queue | Villager (Male) |
| 18:36 | Queue | Villager (Male) |
| 18:37 | Queue | Villager (Male) |
| 18:37 | Queue | Villager (Male) |
| 18:37 | Queue | Villager (Male) |
| 18:47 | Research | Fletching |
| 19:02 | Queue | Villager (Male) |
| 19:05 | Queue | Villager (Male) |
| 19:05 | Queue | Villager (Male) |
| 19:16 | Build | Lumber Camp |
| 19:57 | Queue | Villager (Male) |
| 19:58 | Queue | Villager (Male) |
| 20:11 | Queue | Villager (Male) |
| 20:11 | Queue | Villager (Male) |
| 20:13 | Queue | Villager (Male) |
| 20:14 | Queue | Villager (Male) |
| 20:26 | Build | Barracks |
| 20:37 | Queue | Villager (Male) |
| 20:45 | Build | House |
| 20:58 | Build | House |
| 21:40 | Build | Stable |
| 21:50 | Build | Archery Range |
| 21:56 | Build | Archery Range |
| 22:02 | Build | Farm |
| 22:02 | Build | Farm |
| 22:03 | Build | Farm |
| 22:03 | Build | Farm |
| 22:03 | Build | Farm |
| 22:03 | Build | Farm |
| 22:04 | Build | Farm |
| 22:30 | Build | Palisade Wall |
| 23:21 | Queue | Villager (Male) |
| 23:22 | Queue | Villager (Male) |
| 23:38 | Build | Siege Workshop |
| 23:45 | Queue | Villager (Male) |
| 24:02 | Queue | Scorpion |
| 24:12 | Queue | Mangonel |
| 24:15 | Build | Farm |
| 24:16 | Build | Farm |
| 25:13 | Queue | Mangonel |
| 25:17 | Queue | Villager (Male) |
| 25:17 | Queue | Villager (Male) |
| 25:22 | Build | Castle |
| 26:29 | Queue | Mangonel |
| 26:36 | Queue | Villager (Male) |
| 26:37 | Queue | Villager (Male) |
| 26:37 | Queue | Villager (Male) |
| 26:38 | Queue | Villager (Male) |
| 26:38 | Queue | Villager (Male) |
| 26:39 | Queue | Villager (Male) |
| 26:45 | Build | Farm |
| 26:46 | Build | Farm |
| 26:46 | Build | Farm |
| 26:46 | Build | Farm |
| 26:46 | Build | Farm |
| 27:02 | Build | Farm |
| 27:42 | Queue | Villager (Male) |
| 27:43 | Queue | Villager (Male) |
| 27:59 | Queue | Gbeto |
| 27:59 | Queue | Gbeto |
| 27:59 | Queue | Gbeto |
| 27:59 | Queue | Gbeto |
| 28:15 | Build | Farm |
| 28:28 | Research | Double-Bit Axe |
| 28:42 | Build | Lumber Camp |
| 28:48 | Build | Farm |
| 28:48 | Build | Farm |
| 28:48 | Build | Farm |
| 28:48 | Build | Farm |
| 28:49 | Build | Farm |
| 28:49 | Build | Farm |
| 28:49 | Build | Farm |
| 28:49 | Build | Farm |
| 28:50 | Build | Farm |
| 28:50 | Build | Farm |
| 29:01 | Queue | Gbeto |
| 29:02 | Queue | Gbeto |
| 29:02 | Queue | Gbeto |
| 29:12 | Build | Monastery |
| 29:34 | Queue | Villager (Male) |
Build order — foundationstaff
First 150 of 637 actions detected
| 0:01 | Queue | Villager (Male) |
| 0:01 | Queue | Villager (Male) |
| 0:01 | Queue | Villager (Male) |
| 0:01 | Queue | Villager (Male) |
| 0:03 | Build | House |
| 0:05 | Build | House |
| 1:22 | Queue | Villager (Male) |
| 1:48 | Build | Lumber Camp |
| 1:58 | Queue | Villager (Male) |
| 2:24 | Queue | Villager (Male) |
| 2:24 | Queue | Villager (Male) |
| 2:52 | Queue | Villager (Male) |
| 2:52 | Queue | Villager (Male) |
| 3:16 | Queue | Villager (Male) |
| 3:32 | Build | House |
| 3:42 | Queue | Villager (Male) |
| 4:02 | Queue | Villager (Male) |
| 4:04 | Build | House |
| 4:23 | Build | Mill |
| 4:35 | Queue | Villager (Male) |
| 4:35 | Queue | Villager (Male) |
| 4:57 | Queue | Villager (Male) |
| 5:18 | Queue | Villager (Male) |
| 5:42 | Queue | Villager (Male) |
| 6:11 | Queue | Villager (Male) |
| 6:24 | Build | Barracks |
| 6:28 | Queue | Villager (Male) |
| 7:01 | Queue | Villager (Male) |
| 7:23 | Queue | Militia |
| 7:25 | Queue | Villager (Male) |
| 7:28 | Queue | Militia |
| 7:35 | Build | Mining Camp |
| 7:52 | Queue | Villager (Male) |
| 7:55 | Queue | Militia |
| 8:00 | Build | House |
| 8:14 | Queue | Militia |
| 8:24 | Queue | Villager (Male) |
| 8:58 | Research | Loom |
| 9:02 | Queue | Militia |
| 9:04 | Queue | Villager (Male) |
| 9:09 | Build | Mill |
| 9:48 | Research | Feudal Age |
| 10:49 | Build | House |
| 11:53 | Queue | Villager (Male) |
| 11:58 | Age | Feudal Age |
| 12:01 | Research | Man-at-Arms (upgrade) |
| 12:03 | Queue | Villager (Male) |
| 12:09 | Build | Archery Range |
| 12:15 | Research | Double-Bit Axe |
| 12:17 | Research | Horse Collar |
| 12:18 | Queue | Villager (Male) |
| 12:43 | Build | House |
| 13:09 | Queue | Archer |
| 13:10 | Queue | Archer |
| 13:11 | Queue | Villager (Male) |
| 13:14 | Build | Farm |
| 13:15 | Build | Farm |
| 13:17 | Build | Farm |
| 13:19 | Queue | Villager (Male) |
| 13:24 | Build | House |
| 13:45 | Queue | Archer |
| 13:46 | Queue | Villager (Male) |
| 13:49 | Build | Blacksmith |
| 14:13 | Build | Archery Range |
| 14:22 | Queue | Villager (Male) |
| 14:37 | Queue | Archer |
| 14:41 | Research | Fletching |
| 15:00 | Queue | Villager (Male) |
| 15:06 | Build | Farm |
| 15:35 | Queue | Archer |
| 15:35 | Queue | Archer |
| 15:37 | Queue | Villager (Male) |
| 15:40 | Build | House |
| 16:33 | Queue | Villager (Male) |
| 16:36 | Build | Farm |
| 16:36 | Build | Farm |
| 16:40 | Build | Farm |
| 16:41 | Build | Farm |
| 16:42 | Build | Farm |
| 16:43 | Build | Farm |
| 16:44 | Build | Farm |
| 16:45 | Build | Farm |
| 16:46 | Queue | Villager (Male) |
| 16:52 | Queue | Archer |
| 16:52 | Queue | Archer |
| 16:56 | Queue | Villager (Male) |
| 16:56 | Queue | Villager (Male) |
| 17:21 | Queue | Villager (Male) |
| 17:30 | Queue | Archer |
| 17:30 | Queue | Archer |
| 17:30 | Queue | Archer |
| 17:54 | Queue | Archer |
| 17:56 | Queue | Villager (Male) |
| 18:00 | Build | Farm |
| 18:00 | Build | Farm |
| 18:02 | Build | Farm |
| 18:04 | Build | House |
| 18:06 | Build | House |
| 18:31 | Queue | Archer |
| 18:50 | Queue | Archer |
| 19:13 | Research | Castle Age |
| 19:27 | Queue | Archer |
| 19:37 | Queue | Archer |
| 19:45 | Queue | Archer |
| 19:56 | Build | Market |
| 20:08 | Queue | Archer |
| 20:38 | Queue | Villager (Male) |
| 20:41 | Build | Farm |
| 20:42 | Build | Farm |
| 21:26 | Queue | Archer |
| 21:27 | Queue | Archer |
| 21:53 | Age | Castle Age |
| 21:59 | Research | Crossbowman (upgrade) |
| 22:00 | Research | Bodkin Arrow |
| 22:06 | Build | House |
| 22:07 | Build | House |
| 22:16 | Build | Town Center |
| 22:17 | Queue | Villager (Male) |
| 22:58 | Build | Siege Workshop |
| 23:15 | Queue | Villager (Male) |
| 23:22 | Queue | Villager (Male) |
| 23:26 | Queue | Villager (Male) |
| 23:28 | Build | House |
| 23:29 | Build | House |
| 24:07 | Queue | Archer |
| 24:08 | Queue | Archer |
| 24:08 | Queue | Archer |
| 24:09 | Queue | Villager (Male) |
| 24:22 | Build | Lumber Camp |
| 24:24 | Research | Bow Saw |
| 25:18 | Queue | Villager (Male) |
| 25:18 | Queue | Villager (Male) |
| 25:28 | Research | Eagle Warrior (upgrade) |
| 26:02 | Queue | Villager (Male) |
| 26:15 | Build | Barracks |
| 26:21 | Queue | Villager (Male) |
| 26:29 | Queue | Villager (Male) |
| 26:35 | Queue | Mangonel |
| 26:48 | Research | Forging |
| 26:49 | Research | Scale Mail Armor |
| 27:19 | Queue | Villager (Male) |
| 27:20 | Queue | Villager (Male) |
| 27:37 | Research | Squires |
| 27:43 | Build | Barracks |
| 27:45 | Build | Barracks |
| 27:52 | Queue | Villager (Male) |
| 27:52 | Queue | Villager (Male) |
| 28:00 | Build | Town Center |
| 28:02 | Queue | Villager (Male) |
| 28:13 | Research | Iron Casting |
Match timeline
| 6:24 | foundationstaff · first_building Barracks |
| 9:07 | EIM | chucky 33 · wall_segment Palisade Wall x1 |
| 9:20 | EIM | chucky 33 · wall_segment Palisade Wall x1 |
| 9:22 | EIM | chucky 33 · wall_segment Palisade Wall x1 |
| 9:24 | EIM | chucky 33 · wall_segment Palisade Wall x1 |
| 9:26 | EIM | chucky 33 · wall_segment Palisade Wall x1 |
| 9:27 | EIM | chucky 33 · wall_segment Palisade Wall x1 |
| 10:43 | EIM | chucky 33 · wall_segment Palisade Wall x13 |
| 11:07 | EIM | chucky 33 · wall_segment Palisade Wall x1 |
| 11:58 | foundationstaff · age_up feudal |
| 12:09 | foundationstaff · first_building Archery Range |
| 12:58 | EIM | chucky 33 · age_up feudal |
| 13:45 | EIM | chucky 33 · wall_segment Palisade Wall x4 |
| 14:14 | EIM | chucky 33 · wall_segment Palisade Wall x6 |
| 14:25 | EIM | chucky 33 · wall_segment Palisade Wall x1 |
| 15:04 | EIM | chucky 33 · wall_segment Palisade Wall x1 |
| 15:07 | EIM | chucky 33 · wall_segment Palisade Wall x1 |
| 16:57 | EIM | chucky 33 · age_up castle |
| 17:07 | EIM | chucky 33 · first_market_buy 100 stone |
| 17:52 | EIM | chucky 33 · first_market_sell 100 food |
| 20:26 | EIM | chucky 33 · first_building Barracks |
| 21:40 | EIM | chucky 33 · first_building Stable |
| 21:50 | EIM | chucky 33 · first_building Archery Range |
| 21:53 | foundationstaff · age_up castle |
| 22:30 | EIM | chucky 33 · wall_segment Palisade Wall x4 |
| 22:58 | foundationstaff · first_building Siege Workshop |
| 23:38 | EIM | chucky 33 · first_building Siege Workshop |
| 25:22 | EIM | chucky 33 · first_building Castle |
| 26:23 | foundationstaff · first_market_sell 100 food |
| 29:12 | EIM | chucky 33 · first_building Monastery |
| 31:21 | foundationstaff · first_building Castle |
| 32:23 | foundationstaff · first_building Monastery |
| 39:05 | EIM | chucky 33 · age_up imperial |
| 39:40 | foundationstaff · age_up imperial |
| 40:21 | foundationstaff · first_market_buy 100 food |
| 56:56 | foundationstaff · resign |
[ AI ANALYSIS · 1 CREDIT ]
What really happened in this match?
Wolo.gg analyzes every decision: build order, eco, micro, common mistakes by bracket. Personalized analysis on WhatsApp or Discord in 30 seconds.
Civ guide
Malians
Perfil
Jugador #26069625